 Dungeon Crawl Stone Soup version 0.31-a0-664-g902f515a81 (webtiles) character file.

Game seed: 17726135440560069227

489643 holysushi the Petrodigitator (level 25, 155/155 HPs)
             Began as a Formicid Earth Elementalist on Sept 1, 2023.
             Was the Champion of Okawaru.
             Quit the game on level 2 of the Vaults on Sept 3, 2023.
             The game lasted 03:22:51 (79546 turns).

holysushi the Petrodigitator (FoEE)                Turns: 79546, Time: 03:22:52

Health: 155/155    AC: 18    Str: 26    XL:     25   Next: 94%
Magic:  51/51      EV: 25    Int: 31    God:    Okawaru [******]
Gold:   5098       SH:  0    Dex: 25    Spells: 37/72 levels left

rFire   + . .        a - staff "Rismusay" {Fly Earth}
rCold   . . .        (no shield)
rNeg    + . .        I - +1 chain mail of Honesty {rF+ Str+3 Int+6}
rPois   .            (helmet unavailable)
rElec   +            X - scarf {repulsion}
rCorr   .            i - +1 pair of gloves
SInv    +            Q - +0 pair of boots "Cupiggag" {rElec Regen+ Int+3}
Will    ++...        H - amulet of magic regeneration
Stlth   +            g - +6 ring of intelligence
HPRegen 1.25/turn    j - ring of Letseodgh {rElec rN+ Str+7 Dex+3}
MPRegen 0.72/turn

%: repel missiles
@: flying
A: permanent stasis, dig shafts and tunnels, antennae 3, four strong arms,
screaming 1
}: 3/15 runes: decaying, silver, gossamer
a: Dig, Shaft Self, Renounce Religion, Heroism, Finesse, Duel


You were on level 2 of the Vaults.
You worshipped Okawaru.
Okawaru was exalted by your worship.
You visited 7 branches of the dungeon, and saw 38 of its levels.
You also visited: Sewer, Ossuary, Ice Cave and Desolation.

You collected 6491 gold pieces.
You spent 1393 gold pieces at shops.

Inventory:

Hand Weapons
 b - a +8 lajatang of speed
 K - the +10 flail of Exchange {spect, Int+3 Dex+6 Stlth-}
   (You found it on level 3 of the Vaults)

   Int+3:     It affects your intelligence (+3).
   Dex+6:     It affects your dexterity (+6).
   Stlth-:    It makes you less stealthy.
 R - the +0 giant club of Havoc {venom, *Rage Int+3 Dex+6 SInv}
   (Okawaru gifted it to you on level 2 of the Elven Halls)

   Int+3:     It affects your intelligence (+3).
   Dex+6:     It affects your dexterity (+6).
   SInv:      It lets you see invisible.
   *Rage:     It berserks you when you make melee attacks (+20% chance).
Armour
 c - a +2 buckler of cold resistance
 i - a +1 pair of gloves (worn)
 x - a scarf of resistance
 D - a +2 robe of resistance
 F - a +3 leather armour of willpower
 I - the +1 chain mail of Honesty (worn) {rF+ Str+3 Int+6}
   (Okawaru gifted it to you on level 3 of the Elven Halls)

   Str+3:     It affects your strength (+3).
   Int+6:     It affects your intelligence (+6).
   rF+:       It protects you from fire.
 Q - the +0 pair of boots "Cupiggag" (worn) {rElec Regen+ Int+3}
   (Okawaru gifted it to you on level 1 of the Lair of Beasts)

   Int+3:     It affects your intelligence (+3).
   rElec:     It insulates you from electricity.
   Regen+:    It increases your rate of health regeneration.
 V - the +3 pair of mountain boots {steadfast, rC+}
   (Okawaru gifted it to you on level 1 of the Swamp)

   Steadfast: It prevents involuntary movement, except for blinking,
   teleportation, or banishment.
   rC+:       It protects you from cold.
 X - a scarf of repulsion (worn)
Magical Staves
 a - the staff "Rismusay" (weapon) {Fly Earth}
   (You found it on level 3 of the Lair of Beasts)

   [staff of earth]

   Base accuracy: +5 Base damage: 5 Base attack delay: 1.2 This weapon's minimum
   attack delay (0.6) is reached at skill level 12.
   Fly:       It grants you flight.
   Earth:     It increases the power of your Earth spells.
   It falls into the 'Staves' category.
   It is a weapon for one hand-pair.
Jewellery
 g - a +6 ring of intelligence (left hand)
 j - the ring of Letseodgh (right hand) {rElec rN+ Str+7 Dex+3}
   (You acquired it on level 4 of the Dungeon)

   [ring of positive energy]

   Str+7:     It affects your strength (+7).
   Dex+3:     It affects your dexterity (+3).
   rElec:     It insulates you from electricity.
   rN+:       It protects you from negative energy.
 q - the ring of Kemitwatim {Str+2 Dex+6}
   (You found it on level 4 of the Spider Nest)

   [ring of dexterity]

   Str+2:     It affects your strength (+2).
   Dex+6:     It affects your dexterity (+6).
 A - the amulet of Liugo {Reflect Will+ SH+5}
   (You took it off a ragged hierophant in the Desolation of Salt)

   [amulet of reflection]

   Reflect:   It reflects blocked missile attacks.
   Will+:     It increases your willpower.
   SH+5:      It affects your SH (+5).
 H - an amulet of magic regeneration (around neck)
 N - a ring of magical power
 S - a ring of flight
Wands
 k - a wand of flame (56)
 v - a wand of digging (33)
 y - a wand of polymorph (31)
 z - a wand of iceblast (55)
 B - a wand of light (14)
 M - a wand of mindburst (67)
Scrolls
 d - 9 scrolls of fog
 e - 7 scrolls of enchant armour
 h - 7 scrolls of immolation
 l - 4 scrolls of poison
 t - 4 scrolls of fear
 C - 4 scrolls of silence
 G - 2 scrolls of vulnerability
 O - 24 scrolls of identify
 P - 4 scrolls of revelation
 T - 2 scrolls of brand weapon
 U - 3 scrolls of noise
 W - 4 scrolls of amnesia
 Y - 2 scrolls of torment
Potions
 f - 11 potions of haste
 m - 9 potions of mutation
 n - 6 potions of might
 o - 14 potions of curing
 p - 6 potions of lignification
 r - 10 potions of enlightenment
 s - 2 potions of attraction
 u - 7 potions of brilliance
 w - 13 potions of ambrosia
 E - a potion of cancellation
 J - 2 potions of resistance
 L - 3 potions of magic
 Z - 5 potions of heal wounds


   Skills:
 - Level 3.0 Fighting
 + Level 11.6 Staves
 + Level 13.5 Armour
 - Level 19.9 Dodging
 - Level 5.0 Stealth
 + Level 24.2 Spellcasting
 - Level 1.1 Transmutations
 O Level 27 Earth Magic
 - Level 6.0 Invocations
 - Level 6.0 Evocations


You had 37 spell levels left.
You knew the following spells:

 Your Spells              Type           Power      Damage    Failure   Level
a - Sandblast             Erth           100%       2d20      0%          1
b - Borgnjor's Vile Clut  Necr/Erth      55%        N/A       1%          5
c - Leda's Unmaking       Conj/Erth      55%        9d9       1%          6
d - Shatter               Erth           70%        3d52*     4%          9
e - Petrify               Tmut/Erth      100%       N/A       1%          4
f - Lee's Rapid Deconstr  Erth           70%        3d32*     0%          5
g - Passwall              Tmut/Erth      93%        N/A       0%          2
h - Stone Arrow           Conj/Erth      100%       3d13      1%          3

Your spell library contained the following spells:

 Spells                   Type           Power      Damage    Failure   Level
 Sting                    Tmut/Pois      100%       1d8       1%          1
 Apportation              Tloc           74%        N/A       2%          1
 Freeze                   Ice            100%       1d10      2%          1
 Kiss of Death            Conj/Necr      100%       2d13      2%          1
 Necrotise                Necr           100%       1d9       2%          1
 Shock                    Conj/Air       100%       1d9       2%          1
 Slow                     Hex            100%       N/A       2%          1
 Wereblood                Tmut           44%        N/A       2%          2
 Cigotuvi's Dreadful Rot  Necr/Pois/Air  74%        N/A       3%          2
 Ensorcelled Hibernation  Hex/Ice        74%        N/A       3%          2
 Lesser Beckoning         Tloc           74%        N/A       3%          2
 Momentum Strike          Conj/Tloc      74%        3d10      3%          2
 Poisonous Vapours        Pois/Air       74%        N/A       3%          2
 Scorch                   Fire           74%        2d8       3%          2
 Ignite Poison            Fire/Tmut/Pois 39%        N/A       6%          3
 Confusing Touch          Hex            37%        N/A       8%          3
 Frozen Ramparts          Ice            74%        1d12      8%          3
 Gell's Gravitas          Tloc           37%        N/A       8%          3
 Hailstorm                Conj/Ice       37%        3d9       8%          3
 Inner Flame              Hex/Fire       37%        N/A       8%          3
 Mephitic Cloud           Conj/Pois/Air  37%        N/A       8%          3
 Ozocubu's Armour         Ice            37%        N/A       8%          3
 Portal Projectile        Hex/Tloc       74%        N/A       8%          3
 Teleport Other           Tloc           37%        N/A       8%          3
 Vampiric Draining        Necr           37%        2d8       8%          3
 Airstrike                Air            18%        2d(3-19)  26%         4
 Dispel Undead            Necr           37%        3d15      26%         4
 Flame Wave               Conj/Fire      37%        2d10      26%         4
 Iskenderun's Mystic Bla  Conj/Tloc      37%        2d9       26%         4
 Olgreb's Toxic Radiance  Pois           37%        N/A       26%         4
 Sticky Flame             Conj/Fire      37%        2d6       26%         4
 Alistair's Intoxication  Tmut/Pois      27%        N/A       50%         5
 Irradiate                Conj/Tmut      20%        3d18      50%         5
 Yara's Violent Unravell  Hex/Tmut       20%        3d9       50%         5
 Lehudib's Crystal Spear  Conj/Erth      55%        10d13     54%         8
 Fireball                 Conj/Fire      18%        3d9       56%         5
 Freezing Cloud           Conj/Ice/Air   18%        6-21      56%         5
 Iskenderun's Battlesphe  Conj           37%        2d9       56%         5
 Conjure Ball Lightning   Conj/Air       18%        3x3d6     98%         6
 Dispersal                Tloc           18%        N/A       98%         6
 Enfeeble                 Hex            18%        N/A       100%        7
 Orb of Destruction       Conj           18%        9d8       100%        7
 Ozocubu's Refrigeration  Ice            18%        4d11      100%        7
 Discord                  Hex            18%        N/A       100%        8
 Disjunction              Tloc           18%        N/A       100%        8
 Chain Lightning          Conj/Air       18%        3d24      100%        9
 Fire Storm               Conj/Fire      18%        8d5       100%        9
 Animate Armour           Summ/Erth      Unusable   N/A       N/A         4
 Summon Small Mammal      Summ           Unusable   N/A       N/A         1
 Blink                    Tloc           Unusable   N/A       N/A         2
 Swiftness                Air            Unusable   N/A       N/A         3
 Tukima's Dance           Hex            Unusable   N/A       N/A         3
 Animate Dead             Necr           Unusable   N/A       N/A         4
 Summon Lightning Spire   Summ/Air       Unusable   N/A       N/A         4
 Death Channel            Necr           Unusable   N/A       N/A         6
 Summon Cactus Giant      Summ           Unusable   N/A       N/A         6
 Spellforged Servitor     Conj/Summ      Unusable   N/A       N/A         7

Dungeon Overview and Level Annotations

Branches:
Dungeon (15/15) Zot: 25057  Temple (0/1) D:4            Lair (5/5) D:11 Zot: 14995
  Swamp (4/4) Lair:3 Zot: 17171  Spider (4/4) Lair:3 Zot: 14299   Slime (0/5) Lair:5
    Orc (2/2) D:9 Zot: 8885     Elf (3/3) Orc:2 Zot: 13041  Vaults (5/5) D:14 Zot: 18742
  Crypt (0/3) Vaults:3     Depths (0/4) D:15          Sewer (visited)
Ossuary (visited)           IceCv (visited)         Desolation (visited)

Altars:
Ashenzari
Cheibriados
Dithmenos
Fedhas
Gozag
Hepliaklqana
Okawaru
Trog
Xom
Yredelemnul
Zin
The Shining One
Jiyva
Lugonu

Shops:
D:4 *   D:11 :   Orc:2 [(!:   Elf:1 =   Elf:3 (*(=?   Vaults:1 [(   Vaults:5 !

Portals:
Abyss: Lair:5
Trove: D:11 (give 13 potions of heal wounds)

Annotations:
D:5 exclusion: downstairs
D:12 1 exclusion
D:13 3 runed translucent doors, killozap's ghost, journeyman TeAE
Lair:1 3 runed translucent doors
Lair:2 exclusion: oklob plant
Lair:4 exclusion: downstairs
Swamp:3 exclusion: 2 downstairs
Spider:3 3 runed translucent doors, exclusion: downstairs, Tueseddi's ghost, adept OpCj


Innate Abilities, Weirdness & Mutations

You cannot be hasted, slowed, berserked, paralysed or teleported.
You can dig through walls and to a lower floor.
You have a pair of large antennae on your head. (SInv)
Your four strong arms can wield two-handed weapons with a shield.
You occasionally shout uncontrollably at your foes.


Message History

You see here 5 large rocks.
Done exploring.
Done exploring.
Done exploring.
Search for what [? for help]? club Unknown command.
Things that are here:
a +0 robe; a +0 club
Things that are here:
a +0 chain mail; a +0 broad axe; 2 atropa-tipped darts
Things that are here:
a +0 plate armour; a +0 battleaxe
There is a stone staircase leading up, spattered with blood here.
You fly upwards.
There is a stone staircase leading down here.
Items here: )) [[.
Things that are here:
a +1 ring mail of cold resistance; a +3 battleaxe of venom Done exploring.
Done exploring.
Done exploring.
Done exploring.
Done exploring.
There is a stone staircase leading up here.
You fly upwards.
There is a stone staircase leading down here.
There are no items here.
There are no items here.
There are no items here.
There are no items here.
There is a stone staircase leading up here.
You fly upwards.
There is a stone staircase leading down here.
Okay, then.
Saving game... please wait.
Welcome back, holysushi the Formicid Earth Elementalist.
Okawaru says: Bring me glory in combat!
Press ? for a list of commands and other information.
Unknown command.
Are you sure you want to abandon this character and quit the game? (Confirm with "yes".)

.....########....#...#
.....# #..#.....#
.....# #.....#..#
.....# #...#....#
.....# #........#
##'### ####'##+##
.....# #......# .....#
#......# .....#######
#..@...# ....)'.....#
#..>...# .....#.....#
#......# .....#.....#
#......# ######.....#
#......# ### #.....#
######## ..#
#.....########
..####............#
....##............#


There were no monsters in sight!

Vanquished Creatures
  A dread lich (Vaults:1)
  An ancient lich (Vaults:5)
  Mara (Swamp:4)
  Frederick (Vaults:3)
  the Lernaean hydra (Swamp:4)
  2 golden dragons (Vaults:5)
  Jory (Vaults:2)
  Jorgrun (D:14)
  The ghost of Liwna the Slayer, an adept DsGl of Wu Jian (Vaults:3)
  Rupert (Orc:2)
  Asterion (Vaults:1)
  A lich (Vaults:5)
  6 tentacled monstrosities (Vaults:5)
  3 deep elf blademasters
  5 titans (Vaults:5)
  5 sphinxes
  2 deep elf master archers (Elf:3)
  2 quicksilver dragons
  Agnes (D:15)
  Frances (Spider:1)
  Aizul (Elf:1)
  5 storm dragons
  Roxanne (Swamp:4)
  2 thorn hunters
  3 tengu reavers
  A fenstrider witch (Swamp:3)
  4 shadow dragons
  Donald (Vaults:1)
  A frost giant (Vaults:5)
  15 vault wardens
  2 iron dragons (Vaults:5)
  A fire giant (Vaults:5)
  An imperial myrmidon (Desolation)
  5 emperor scorpions
  Louise (D:14)
  2 deep elf elementalists (Elf:3)
  6 ghost moths
  8 deep elf sorcerers
  4 ghouls
  3 war gargoyles
  A broodmother (Spider:3)
  3 formless jellyfish
  6 orc warlords
  8 very ugly things
  17 ironbound preservers
  4 stone giants
  Nessos (D:13)
  A vampire knight (Vaults:3)
  2 ironbound thunderhulks
  6 deep elf demonologists
  2 halazid warlocks (Desolation)
  3 eleionomae
  The ghost of Pooter the Grappler, a journeyman TrSh of Okawaru (Lair:3)
  17 dire elephants
  6 bunyips
  A white draconian (IceCv)
  2 spark wasps (Spider:4)
  5 deep elf annihilators (Elf:3)
  2 crystal guardians (Desolation)
  5 deep elf death magi
  An eidolon (Vaults:1)
  2 ettins (Vaults:5)
  20 yaktaur captains
  2 green deaths (Swamp:4)
  8 deep elf high priests
  9 ragged hierophants (Desolation)
  A fire dragon (shapeshifter) (D:13)
  2 entropy weavers
  7 great orbs of eyes
  2 ogre magi
  18 hydras
  43 vault guards
  4 servants of whispers (Desolation)
  10 alligators
  A hell beast (Swamp:3)
  Erolcha (D:13)
  15 ironbound frosthearts
  4 ghost crabs
  11 peacekeepers
  A rakshasa (D:14)
  Erica (D:9)
  2 catoblepae
  10 centaur warriors
  A death knight (D:14)
  An anaconda (shapeshifter) (Vaults:5)
  5 boulder beetles
  24 dancing weapons
  6 two-headed ogres
  4 radroaches
  3 tengu warriors
  A two-headed ogre (shapeshifter) (Vaults:2)
  The ghost of HilariousDeathArtist the Geomancer, a novice DgEE (Lair:1)
  3 orc high priests (Orc:2)
  A hell knight (Vaults:1)
  3 deep troll earth magi (Vaults:5)
  16 demonic crawlers
  Sonja (D:13)
  4 thrashing horrors
  A skyshark (Lair:1)
  13 deep elf knights
  15 skeletal warriors
  5 goliath frogs
  A glowing orange brain (Vaults:1)
  7 pharaoh ants
  2 sun moths
  7 swamp dragons
  33 deep trolls
  8 wizards
  12 orb spiders
  2 spriggan druids
  7 steelbarb worms
  A flayed ghost (Vaults:1)
  17 bog bodies
  16 lindwurms
  4 phantasmal warriors
  21 orc knights
  13 deep elf archers
  3 harpies (Vaults:3)
  An orange crystal statue (IceCv)
  5 necromancers
  24 ironbound convokers
  An iron dragon zombie (D:15)
  24 deep elf zephyrmancers
  A sphinx simulacrum (Vaults:4)
  A frost giant zombie (D:15)
  7 orc sorcerers
  2 human zombies (Vaults:4)
  8 spectral spriggans (Swamp:3)
  24 deep elf pyromancers
  3 will-o-the-wisps
  7 cyclopes
  4 manticores
  51 ugly things
  19 wolf spiders
  15 elephants
  3 moths of wrath (Spider:1)
  A guardian serpent (shapeshifter) (Vaults:5)
  2 guardian serpents (Desolation)
  28 vault sentinels
  Jeremiah (D:8)
  7 black mambas
  12 cane toads
  2 smoke demons (Lair:5)
  A gargoyle (D:12)
  8 freezing wraiths
  Maggie (D:7)
  48 yaktaurs
  An unseen horror (shapeshifter) (D:15)
  2 orange demons (Swamp:4)
  8 torpor snails
  5 kobold demonologists
  3 unseen horrors
  28 rime drakes
  10 komodo dragons
  2 tengu conjurers (D:15)
  A guardian mummy (D:15)
  10 trolls
  4 bloated husks
  15 polar bears
  A queen bee (Spider:3)
  Grinder (D:3)
  10 meliai
  28 tarantellas
  16 hornets
  Prince Ribbit (D:9)
  3 raiju
  21 blink frogs
  6 tyrant leeches
  62 saltlings (Desolation)
  A raiju (shapeshifter) (Vaults:5)
  18 dream sheep
  23 jumping spiders
  Sigmund (D:3)
  3 air elementals
  3 wraiths
  2 ynoxinuls (Lair:5)
  31 culicivoras
  63 slime creatures
  4 wyverns
  7 shadows
  11 spriggans
  27 yaks
  A vampire (D:13)
  2 chaos spawn (Lair:5)
  11 small abominations (Lair:5)
  56 redbacks
  7 basilisks
  28 vampire mosquitoes
  2 steam dragons
  Grum (D:8)
  17 swamp worms
  8 wargs
  An acid dragon (D:14)
  17 water moccasins
  7 swamp drakes
  A swamp drake (shapeshifter) (D:13)
  3 black bears
  A black bear (shapeshifter) (D:14)
  22 orc warriors
  3 ice beasts
  3 large abominations
  7 ogres
  13 wolves
  10 centaurs
  2 elf zombies (Ossuary)
  16 bullfrogs
  7 kobold brigands
  10 scorpions
  3 gnoll sergeants
  A glowing shapeshifter simulacrum (Vaults:4)
  4 wights (D:8)
  2 earth elementals
  17 killer bees
  13 electric eels
  6 howler monkeys
  3 gnoll boudas
  4 jellies
  14 orc priests
  A hound (D:6)
  12 human skeletons (Vaults:3)
  4 iguanas
  3 sleepcaps
  16 orc wizards
  Ijyb (D:3)
  A hound zombie (Ossuary)
  4 mummies (Ossuary)
  24 gnolls
  15 adders
  7 river rats
  A shadow imp (D:7)
  7 white imps
  2 ufetubi
  2 adder zombies (Ossuary)
  2 dart slugs
  5 worms
  54 orcs
  6 ball pythons
  4 endoplasms
  5 giant cockroaches
  A gnoll zombie (Ossuary)
  9 goblins
  6 hobgoblins
  4 jackals (D:1)
  4 quokkas
  7 bats
  7 frilled lizards
  3 goblin zombies
  A hobgoblin zombie (Ossuary)
  A jackal zombie (Ossuary)
  24 kobolds
  2 kobold zombies (Ossuary)
  17 rats
1963 creatures vanquished.

Vanquished Creatures (others)
  A bloated husk (Swamp:4)
  A jumping spider (Spider:2)
  An orc wizard (D:9)
  4 foxfires (Swamp:4)
7 creatures vanquished.

Grand Total: 1970 creatures vanquished

Notes
Turn   | Place    | Note
-------+----------+-------------------------------------------
     0 | D:1      | holysushi the Formicid Earth Elementalist began the quest
                  | for the Orb.
     0 | D:1      | Reached XP level 1. HP: 13/13 MP: 3/3
   119 | D:1      | Reached skill level 4 in Earth Magic
   154 | D:1      | Reached XP level 2. HP: 15/19 MP: 0/5
   529 | D:1      | Reached XP level 3. HP: 24/24 MP: 4/6
   631 | D:1      | Reached skill level 5 in Earth Magic
  1131 | D:1      | Reached XP level 4. HP: 17/30 MP: 1/7
  1514 | D:2      | Reached skill level 6 in Earth Magic
  1620 | D:2      | Found an iron altar of Okawaru.
  1631 | D:2      | Became a worshipper of Warmaster Okawaru
  2060 | D:3      | Reached XP level 5. HP: 35/35 MP: 5/8
  2280 | D:3      | Noticed Ijyb
  2320 | D:3      | Killed Ijyb
  2683 | D:3      | Found a snail-covered altar of Cheibriados.
  2698 | D:3      | Learned a level 2 spell: Passwall
  2702 | D:3      | Learned a level 3 spell: Stone Arrow
  2745 | D:3      | Reached skill level 7 in Earth Magic
  2745 | D:3      | Noticed Sigmund
  2747 | D:3      | Noticed Grinder
  2749 | D:3      | Killed Sigmund
  2749 | D:3      | Reached * piety under Okawaru
  2750 | D:3      | Reached XP level 6. HP: 37/41 MP: 3/9
  2819 | D:3      | Killed Grinder
  2819 | D:3      | Reached ** piety under Okawaru
  2820 | D:3      | Reached skill level 9 in Earth Magic
  2820 | D:3      | Reached XP level 7. HP: 34/46 MP: 4/10
  3075 | D:4      | Found a staircase to the Ecumenical Temple.
  3158 | D:4      | Found a sand-covered staircase.
  3165 | Ossuary  | Entered an ossuary
  3392 | Ossuary  | Reached skill level 10 in Earth Magic
  3392 | Ossuary  | Reached XP level 8. HP: 35/52 MP: 3/11
  3593 | D:4      | Identified a scroll of acquirement
  3593 | D:4      | Acquired the ring of Letseodgh {rElec rN+ Str+7 Dex+3}
  3619 | D:4      | Found a blossoming altar of Fedhas.
  3687 | D:4      | Found a glowing drain.
  3694 | Sewer    | Entered a sewer
  4652 | D:4      | Found a basalt altar of Yredelemnul.
  4907 | D:4      | Found a shadowy altar of Dithmenos.
  4936 | D:4      | Found Qoythron's Gadget Gallery.
  4973 | D:4      | Bought a wand of flame (16) for 145 gold pieces
  5101 | D:4      | Reached skill level 11 in Earth Magic
  5199 | D:5      | Entered Level 5 of the Dungeon
  5348 | D:5      | Reached skill level 1 in Invocations
  5348 | D:5      | Reached skill level 1 in Evocations
  5649 | D:5      | Found a glowing silver altar of Zin.
  5674 | D:5      | Found an opulent altar of Gozag.
  5793 | D:5      | Found an iron altar of Okawaru.
  5946 | D:5      | Reached *** piety under Okawaru
  6027 | D:5      | Learned a level 4 spell: Petrify
  6259 | D:6      | Noticed a hornet
  6331 | D:6      | Reached XP level 9. HP: 52/56 MP: 7/12
  6396 | D:6      | Killed a hornet
  6600 | D:6      | Reached skill level 5 in Dodging
  6600 | D:6      | Reached skill level 12 in Earth Magic
  6953 | D:6      | Reached **** piety under Okawaru
  7148 | D:6      | Reached skill level 13 in Earth Magic
  7779 | D:7      | Reached XP level 10. HP: 57/63 MP: 7/13
  7931 | D:7      | Identified the +2 leather armour "Jeyxamy" {+Blink rN+
                  | SInv}
  8327 | D:7      | Reached skill level 14 in Earth Magic
  8415 | D:7      | Found a hazy altar of Hepliaklqana.
  8482 | D:7      | Noticed Maggie
  8495 | D:7      | Killed Maggie
  9196 | D:8      | Noticed Jeremiah
  9228 | D:8      | Killed Jeremiah
  9228 | D:8      | Reached ***** piety under Okawaru
  9229 | D:8      | Reached skill level 1 in Armour
  9348 | D:8      | Found a glowing golden altar of the Shining One.
  9694 | D:8      | Reached skill level 15 in Earth Magic
  9732 | D:8      | Acquired a staff of earth
  9951 | D:8      | Noticed Grum
  9985 | D:8      | Killed Grum
  9985 | D:8      | Received a gift from Okawaru
 10524 | D:9      | Noticed a two-headed ogre
 10528 | D:9      | Killed a two-headed ogre
 10529 | D:9      | Reached XP level 11. HP: 47/68 MP: 10/14
 10656 | D:9      | Noticed Erica
 10660 | D:9      | Killed Erica
 10661 | D:9      | Reached skill level 16 in Earth Magic
 10715 | D:9      | Found a broken altar of Ashenzari.
 10761 | D:9      | Found a staircase to the Orcish Mines.
 11098 | D:9      | Noticed Prince Ribbit
 11104 | D:9      | Killed Prince Ribbit
 11352 | D:9      | Found a bloodstained altar of Trog.
 11479 | D:10     | Entered Level 10 of the Dungeon
 12839 | D:11     | Found a staircase to the Lair.
 12894 | D:11     | Received a gift from Okawaru
 12895 | D:11     | Reached skill level 10 in Dodging
 12955 | D:11     | Noticed a sun demon
 13172 | D:11     | Noticed a cyclops
 13202 | D:11     | Reached XP level 12. HP: 42/74 MP: 10/15
 13800 | D:11     | Received a gift from Okawaru
 14186 | D:11     | Found Hagoadwalo's Book Emporium.
 14445 | D:11     | Noticed a vault guard
 14658 | D:11     | Killed a vault guard
 14686 | D:11     | Found a portal to a secret trove of treasure.
 14752 | D:11     | Reached ****** piety under Okawaru
 14976 | Lair:1   | Entered Level 1 of the Lair of Beasts
 15213 | Lair:1   | Found a runed translucent gate.
 15213 | Lair:1   | Found a runed translucent gate.
 15213 | Lair:1   | Noticed HilariousDeathArtist's ghost (novice DgEE)
 15214 | Lair:1   | Found a runed translucent gate.
 15214 | Lair:1   | Noticed a catoblepas
 15214 | Lair:1   | Noticed a skyshark
 15886 | Lair:2   | Noticed a six-headed hydra
 15951 | Lair:2   | Reached skill level 1 in Fighting
 17264 | Lair:2   | Noticed a five-headed hydra
 17787 | Lair:2   | Received a gift from Okawaru
 17787 | Lair:2   | Found the +15 Maxwell's patent armour {-Cast -Tele rElec
                  | Will+ rCorr}
 17903 | Lair:1   | Reached skill level 5 in Stealth
 18046 | Lair:1   | Killed a six-headed hydra
 18047 | Lair:1   | Reached XP level 13. HP: 68/86 MP: 10/16
 18339 | Lair:2   | Killed a five-headed hydra
 19913 | Lair:2   | Noticed a six-headed hydra
 20619 | Lair:2   | Killed a six-headed hydra
 20886 | Lair:1   | Reached skill level 17 in Earth Magic
 21150 | Lair:2   | Received a gift from Okawaru
 21341 | Lair:3   | Found a staircase to the Swamp.
 21514 | Lair:3   | Reached skill level 5 in Spellcasting
 21576 | Lair:3   | Learned a level 9 spell: Shatter
 21624 | Lair:3   | Found a hole to the Spider Nest.
 22385 | Lair:3   | Found a runed translucent door.
 22385 | Lair:3   | Found a shimmering altar of Xom.
 22385 | Lair:3   | Noticed Pooter's ghost (journeyman TrSh)
 23625 | Lair:3   | Reached XP level 14. HP: 49/93 MP: 19/23
 23797 | Lair:4   | Reached skill level 18 in Earth Magic
 23903 | Lair:4   | Identified the +1 robe of Resourcefulness {rN+ Will- rCorr
                  | Int+3} (Okawaru gifted it to you on level 4 of the Lair of
                  | Beasts)
 23903 | Lair:4   | Received a gift from Okawaru
 25008 | Lair:5   | Entered Level 5 of the Lair of Beasts
 25008 | Lair:5   | Found a staircase to the Slime Pits.
 25008 | Lair:5   | Found a viscous altar of Jiyva.
 25030 | Lair:5   | Reached skill level 19 in Earth Magic
 26507 | Lair:5   | Reached skill level 20 in Earth Magic
 26542 | Lair:5   | Received a gift from Okawaru
 27384 | Lair:5   | Reached XP level 15. HP: 98/98 MP: 21/27
 27734 | Lair:5   | Reached skill level 21 in Earth Magic
 28028 | Lair:5   | Found a corrupted altar of Lugonu.
 28028 | Lair:5   | Found a one-way gate to the infinite horrors of the Abyss.
 28207 | Lair:5   | Received a gift from Okawaru
 29039 | Spider:1 | Entered Level 1 of the Spider Nest
 29318 | Spider:1 | Reached skill level 22 in Earth Magic
 29453 | Spider:1 | Noticed Frances
 29697 | Spider:1 | Killed Frances
 29909 | Spider:1 | Noticed an emperor scorpion
 30122 | Orc:1    | Entered Level 1 of the Orcish Mines
 30478 | Orc:1    | Noticed an orc warlord
 30571 | Orc:1    | Received a gift from Okawaru
 30771 | Orc:2    | Entered Level 2 of the Orcish Mines
 30796 | Orc:2    | Noticed Rupert
 31315 | Orc:2    | Found a staircase to the Elven Halls.
 31334 | Orc:2    | Found a shimmering altar of Xom.
 31583 | Orc:2    | Reached skill level 23 in Earth Magic
 31861 | Orc:2    | Found Nomicy's Book Shop.
 31861 | Orc:2    | Found Madahanu's Armour Shop.
 31930 | Orc:2    | Found Mikhlaham's Distillery.
 31937 | Orc:2    | Bought a potion of invisibility for 120 gold pieces
 31937 | Orc:2    | Found Maff's Antique Weapon Shoppe.
 32826 | Swamp:1  | Entered Level 1 of the Swamp
 33682 | D:12     | Received a gift from Okawaru
 34027 | D:12     | Reached XP level 16. HP: 96/97 MP: 19/28
 34783 | D:13     | Noticed killozap's ghost (journeyman TeAE)
 34784 | D:13     | Noticed a frost giant
 34798 | D:13     | Found a runed translucent gate.
 34798 | D:13     | Found a runed translucent gate.
 34800 | D:13     | Found a runed translucent gate.
 35548 | D:13     | Reached skill level 24 in Earth Magic
 35583 | D:13     | Identified the +8 quarterstaff of the Loving Puffin {drain,
                  | Will+ Dex+4} (Okawaru gifted it to you on level 13 of the
                  | Dungeon)
 35583 | D:13     | Received a gift from Okawaru
 36211 | D:13     | Noticed Nessos
 36859 | Spider:1 | Killed an emperor scorpion
 37262 | Spider:1 | Identified the +8 war axe "Enopa" {freeze, Dex+6}
 37890 | Spider:1 | Received a gift from Okawaru
 37891 | Spider:1 | Reached skill level 10 in Spellcasting
 39251 | Spider:2 | Noticed an emperor scorpion
 39253 | Spider:2 | Received a gift from Okawaru
 40356 | Orc:2    | Killed Rupert
 40965 | D:12     | Reached XP level 17. HP: 96/109 MP: 14/33
 41124 | D:13     | Identified the +7 sling of Zyfid {flame, rElec rPois Str+2
                  | Int+2}
 41135 | D:13     | Killed Nessos
 41288 | D:13     | Noticed Sonja
 41290 | D:13     | Killed Sonja
 41313 | D:13     | Noticed Erolcha
 41314 | D:13     | Killed Erolcha
 42083 | D:13     | Received a gift from Okawaru
 42207 | D:13     | Acquired a book of Iron
 42218 | D:13     | Learned a level 5 spell: Lee's Rapid Deconstruction
 43375 | D:14     | Noticed Jorgrun
 43380 | D:14     | Killed Jorgrun
 43567 | D:14     | Noticed Louise
 43571 | D:14     | Killed Louise
 43887 | D:14     | Received a gift from Okawaru
 43888 | D:14     | Reached skill level 15 in Spellcasting
 45393 | D:14     | Found a gate to the Vaults.
 45908 | D:15     | Entered Level 15 of the Dungeon
 46474 | D:15     | Identified the +7 dagger "Etywno" {flame, rC++} (Okawaru
                  | gifted it to you on level 15 of the Dungeon)
 46474 | D:15     | Received a gift from Okawaru
 46476 | D:15     | Reached XP level 18. HP: 115/115 MP: 19/38
 47078 | D:15     | Noticed Agnes
 47080 | D:15     | Killed Agnes
 47229 | D:15     | Found a staircase to the Depths.
 47408 | Swamp:1  | Identified the +2 scale mail "Kataecy" {+Blink rPois rCorr
                  | Stlth-}
 47739 | Swamp:1  | Reached skill level 15 in Dodging
 47879 | Swamp:1  | Received a gift from Okawaru
 47879 | Swamp:1  | Found the +3 pair of mountain boots {steadfast, rC+}
 47942 | Swamp:1  | Reached skill level 1 in Staves
 49106 | Swamp:1  | Gained mutation: You occasionally shout uncontrollably at
                  | your foes. [mutagenic glow]
 51194 | Swamp:3  | Reached skill level 5 in Staves
 51194 | Swamp:3  | Reached XP level 19. HP: 79/121 MP: 13/40
 51221 | Swamp:3  | Received a gift from Okawaru
 51811 | Swamp:4  | Entered Level 4 of the Swamp
 51966 | Swamp:4  | Noticed Mara
 52780 | Swamp:4  | Noticed the 27-headed Lernaean hydra
 52814 | Swamp:4  | Noticed holysushi's illusion
 52988 | Spider:2 | Reached skill level 25 in Earth Magic
 53596 | Spider:3 | Found a frozen archway.
 53607 | IceCv    | Entered an ice cave
 53631 | IceCv    | Identified the +0 scale mail of Weightlessness {rCorr
                  | Dex+3} (Okawaru gifted it to you in an ice cave)
 53631 | IceCv    | Received a gift from Okawaru
 54679 | IceCv    | Noticed a shard shrike
 55242 | Orc:2    | Bought a book of Unlife for 648 gold pieces
 55249 | Orc:2    | Learned a level 5 spell: Borgnjor's Vile Clutch
 55286 | Elf:1    | Entered Level 1 of the Elven Halls
 55330 | Elf:1    | Noticed Aizul
 55333 | Elf:1    | Killed Aizul
 55411 | Elf:1    | Reached XP level 20. HP: 57/127 MP: 12/41
 55771 | Elf:1    | Found Ipnauro's Jewellery Shoppe.
 55794 | Elf:1    | Found a crumbling gateway.
 55803 | Desolati | Entered the Desolation of Salt
 55836 | Desolati | Received a gift from Okawaru
 55894 | Desolati | Reached skill level 26 in Earth Magic
 56133 | Desolati | Got Gabusuuj's Guidebook on the Pneumatic Torch
 56144 | Desolati | Identified the +5 plate armour of Jigsaw {Rampage *Slow
                  | rElec Slay+2} (You took it off a servant of whispers in the
                  | Desolation of Salt)
 56300 | Desolati | Received a gift from Okawaru
 56416 | Desolati | Identified the amulet of Liugo {Reflect Will+ SH+5}
 56839 | Desolati | Identified the ring of Lumapsuf {rN+ Str+6}
 56953 | Desolati | Identified the ring of Qipul {rN+ rCorr Str+3 Stlth-}
 56991 | Desolati | Identified the +2 short sword of the Vulture {heavy,
                  | Fragile rC+ Dex+2}
 56998 | Desolati | Identified the +6 chain mail of Nihuhufa {Slay+5}
 57123 | Desolati | Identified the +2 short sword of the Slime-mould {freeze,
                  | SInv}
 57124 | Desolati | Identified the +8 plate armour "Jeteegil" {Int+3}
 57710 | Elf:1    | Identified the +3 chain mail of Lies {rC+ MP-9 Int+2}
 58353 | Elf:2    | Identified the +0 giant club of Havoc {venom, *Rage Int+3
                  | Dex+6 SInv} (Okawaru gifted it to you on level 2 of the
                  | Elven Halls)
 58353 | Elf:2    | Received a gift from Okawaru
 58766 | Elf:2    | Found a runed translucent gate.
 58767 | Elf:2    | Found a runed translucent gate.
 58771 | Elf:2    | Found a runed translucent gate.
 59016 | Elf:2    | Reached skill level 27 in Earth Magic
 59016 | Elf:2    | Reached XP level 21. HP: 104/132 MP: 40/43
 59977 | Elf:3    | Entered Level 3 of the Elven Halls
 60200 | Elf:3    | Identified the +5 robe of the Serpent {rN+ Str+2}
 60201 | Elf:3    | Identified the +1 demon blade of the Valley of Death {vamp,
                  | rElec Str+3 Int+5}
 60201 | Elf:3    | Identified the +0 robe of the Other World {rF+ rC+ Str-4}
 60201 | Elf:3    | Identified the ring of Icokar {*Corrode rPois Int+5}
 60203 | Elf:3    | Identified the +10 flail of the Breathing Gods {flame,
                  | *Corrode rPois Will++ Int+3}
 60280 | Elf:3    | Identified the ring "Ulusedd" {Ice rCorr Str-4 Slay+3 SInv}
 60281 | Elf:3    | Received a gift from Okawaru
 60617 | Elf:3    | Identified the +1 chain mail of Honesty {rF+ Str+3 Int+6}
                  | (Okawaru gifted it to you on level 3 of the Elven Halls)
 60617 | Elf:3    | Received a gift from Okawaru
 61029 | Elf:3    | Learned a level 6 spell: Leda's Unmaking
 61075 | Elf:3    | Found Juliorocza's Jewellery Boutique.
 61100 | Elf:3    | Found Quaxzab's Magic Scroll Emporium.
 61177 | Elf:3    | Identified the +7 chain mail of Forking Paths {Str+4}
 61231 | Elf:3    | Found Peugguemm's Antique Weapon Shoppe.
 61235 | Elf:3    | Found Xeqoakk's General Store.
 61390 | Elf:3    | Found Bixeu's Antique Weapon Emporium.
 62102 | Swamp:4  | Killed Mara
 62513 | Swamp:4  | Killed the 27-headed Lernaean hydra
 62654 | Swamp:4  | Noticed Roxanne
 62656 | Swamp:4  | Killed Roxanne
 63082 | Swamp:4  | Got a decaying rune of Zot
 63770 | Spider:3 | Reached XP level 22. HP: 98/138 MP: 30/46
 65026 | Spider:3 | Found a runed translucent gate.
 65026 | Spider:3 | Found a runed translucent gate.
 65026 | Spider:3 | Found a runed translucent gate.
 65027 | Spider:3 | Noticed Tueseddi's ghost (adept OpCj)
 65069 | Spider:4 | Entered Level 4 of the Spider Nest
 65075 | Spider:4 | Received a gift from Okawaru
 65626 | Spider:4 | Identified the ring of Kemitwatim {Str+2 Dex+6}
 67223 | Spider:4 | Got a gossamer rune of Zot
 67701 | Lair:3   | Killed Pooter's ghost
 67705 | Lair:3   | Identified the staff "Rismusay" {Fly Earth}
 67845 | Lair:1   | Killed HilariousDeathArtist's ghost
 67845 | Lair:1   | Identified the +0 pair of boots "Cupiggag" {rElec Regen+
                  | Int+3} (Okawaru gifted it to you on level 1 of the Lair of
                  | Beasts)
 67845 | Lair:1   | Received a gift from Okawaru
 68039 | Vaults:1 | Entered Level 1 of the Vaults
 68298 | Vaults:1 | Noticed Donald
 68303 | Vaults:1 | Killed Donald
 68904 | Vaults:1 | Found Qeamul's Weapon Boutique.
 69084 | Vaults:1 | Noticed Asterion
 69084 | Vaults:1 | Noticed a dread lich
 69086 | Vaults:1 | Killed a dread lich
 69087 | Vaults:1 | Reached XP level 23. HP: 143/143 MP: 31/48
 69087 | Vaults:1 | Killed Asterion
 69969 | Vaults:1 | Found Bekhian's Armour Shop.
 70356 | Vaults:2 | Noticed Jory
 70360 | Vaults:2 | Killed Jory
 70480 | Vaults:2 | Reached skill level 5 in Armour
 70835 | Vaults:2 | Received a gift from Okawaru
 70843 | Vaults:2 | Identified the +4 quarterstaff of Guile {heavy, SInv}
 72523 | Vaults:3 | Received a gift from Okawaru
 72795 | Vaults:3 | Identified the +0 arbalest of Heohioch {elec, rPois Str+3
                  | Int-5 SInv}
 72977 | Vaults:3 | Identified the +4 long sword of Prudence {pain, Dex+3}
 72996 | Vaults:3 | Reached XP level 24. HP: 125/150 MP: 41/49
 73723 | Vaults:3 | Identified the +8 quarterstaff of Hacking and Slashing
                  | {vamp, rElec Str+2} (Okawaru gifted it to you on level 3 of
                  | the Vaults)
 73723 | Vaults:3 | Received a gift from Okawaru
 73828 | Vaults:3 | Found a runed translucent gate.
 73828 | Vaults:3 | Found a runed translucent gate.
 73828 | Vaults:3 | Found a runed translucent gate.
 73829 | Vaults:3 | Noticed Liwna's ghost (adept DsGl)
 73878 | Vaults:3 | Killed Liwna's ghost
 73890 | Vaults:3 | Identified the +10 flail of Exchange {spect, Int+3 Dex+6
                  | Stlth-}
 73996 | Vaults:3 | Noticed Frederick
 73999 | Vaults:3 | Killed Frederick
 74114 | Vaults:3 | Reached skill level 10 in Armour
 74323 | Vaults:3 | Found a staircase to the Crypt.
 75268 | Vaults:4 | Received a gift from Okawaru
 75272 | Vaults:4 | Reached skill level 5 in Evocations
 76375 | Vaults:5 | Entered Level 5 of the Vaults
 76375 | Vaults:5 | Noticed a golden dragon
 76379 | Vaults:5 | Reached XP level 25. HP: 155/155 MP: 37/50
 76385 | Vaults:5 | Reached skill level 5 in Invocations
 76460 | Vaults:5 | Received a gift from Okawaru
 76461 | Vaults:5 | Noticed an ancient lich
 76539 | Vaults:5 | Reached skill level 10 in Staves
 76539 | Vaults:5 | Killed an ancient lich
 76542 | Vaults:5 | Identified the +0 pair of boots "Koyrch" {rF- Regen+ Str+3
                  | Int+3} (Okawaru gifted it to you on level 5 of the Vaults)
 76542 | Vaults:5 | Received a gift from Okawaru
 76613 | Vaults:4 | Upgraded the game from 0.31-a0-662-g684573625c to
                  | 0.31-a0-664-g902f515a81
 77098 | Vaults:5 | Identified the +5 battleaxe of Hados {protect, *Slow rPois
                  | Int+3 Dex+6}
 78638 | Vaults:5 | Found Vuthremi's Distillery.
 78643 | Vaults:5 | Identified the staff "Qaex" {rPois rF+ Int+5 Fire}
 78650 | Vaults:5 | Bought a potion of cancellation for 160 gold pieces
 78650 | Vaults:5 | Bought a potion of magic for 160 gold pieces
 78650 | Vaults:5 | Bought a potion of brilliance for 80 gold pieces
 78650 | Vaults:5 | Bought a potion of brilliance for 80 gold pieces
 78670 | Vaults:5 | Identified the +2 executioner's axe of Ibohorcho {heavy,
                  | rElec rPois}
 78974 | Vaults:5 | Identified the staff of the Onslaught {*Slow rElec rPois
                  | Int+4 Poison}
 79083 | Vaults:5 | Got a silver rune of Zot
 79214 | Vaults:5 | Acquired 653 gold pieces
 79546 | Vaults:2 | Quit the game

Illustrated notes

Levels and vault maps discovered:
D:1:      dpeg_arrival_boxes_within_box, layout_basic
D:2:      layout_basic, basic_altar
D:3:      layout_basic, mainiacjoe_overflow_small_starburst, uniq_ijyb,
          uniq_sigmund, uniq_grinder
D:4:      layout_basic, mainiacjoe_overflow_paths,
          mainiacjoe_overflow_cross_hatched, grunt_dithmenos_smoke_and_mirrors,
          minmay_temple_entry_wispy, lightli_sewer_entry_pipes, enter_ossuary_4,
          nicolae_shop_gadgets
D:5:      layout_cave_pools, pdpol_temple_overflow_zin_treasury_gozag_greed,
          okawaru_gym_becter
D:6:      minmay_thinvault, layout_rooms, minmay_fractal_squares_5
D:7:      layout_loops_corners, nicolae_hepliaklqana_hippocampus, uniq_maggie
D:8:      layout_basic, nicolae_tso_carved_into_rock,
          nicolae_houndstooth_variations, uniq_jeremiah, uniq_grum
D:9:      layout_irregular_city, lemuel_doored_altar, trog_book, orc_0_dummy,
          uniq_erica, uniq_prince_ribbit1
D:10:     layout_small_grid, bh_walls_and_bars
D:11:     layout_gridville, erik_lair_orcish_takeover, serial_shops,
          nicolae_shop_tiny_waterfront, enter_trove_5
D:12:     layout_basic, centaur_isle
D:13:     hangedman_cross_cluster, layout_loops_ring, gammafunk_ghost_split,
          uniq_nessos, uniq_erolcha, uniq_sonja
D:14:     layout_roguey, lightli_vaults_fourway_checkpoint, water_boxes_lemuel,
          uniq_jorgrun, uniq_louise
D:15:     gammafunk_depths_entry_grave, layout_basic, serial_bayou_pond_d,
          kb_rosetta, uniq_agnes
Lair:1:   layout_loops_ring, gammafunk_ghost_split, infiniplex_staircase_pool
Lair:2:   nzn_winding_woodlands_stair_cross [nzn_winding_woodlands_5x15_zeroes,
          nzn_winding_woodlands_center_diamonds,
          nzn_winding_woodlands_5x15_default,
          nzn_winding_woodlands_5x5_closed_star,
          nzn_winding_woodlands_5x5_checkerboard,
          nzn_winding_woodlands_5x15_river_crossing,
          nzn_winding_woodlands_center_garden,
          nzn_winding_woodlands_5x15_crooked], layout_gridlike, pond
Lair:3:   layout_regular_city, minmay_swamp_entry_swarm,
          nicolae_spider_entry_non_spiders, ebering_ghost_xom
Lair:4:   layout_big_grid, nicolae_quartered_pool_medium, beast_lair_carwin_9
Lair:5:   hellmonk_lair_end_abyssal_woods, layout_cave_pods,
          nicolae_slime_entry_field_trip, chequers_serial_rivers_room_a,
          serial_bayou_shore_a, infiniplex_staircase_pool_2
Swamp:1:  layout_basic_swamp, evilmike_swamp_ruin_house_5
Swamp:2:  layout_falls_marsh, hangedman_swamp_ruin_hall
Swamp:3:  nicolae_swamp_flooded_prison, layout_falls_marsh,
          nicolae_swamp_long_stream, swamp_pool5, nicolae_swamp_small_spring
Swamp:4:  swamp_vile, layout_basic_swamp, uniq_mara, uniq_roxanne
Spider:1: layout_spider_delve, worms_lemuel, uniq_frances
Spider:2: layout_spider_delve
Spider:3: layout_chambers, ebering_ghost_rock_garden, special_room
          [special_room_bee], portal_ice_cave_entry_pillars_four,
          beargit_elvish_explorers
Spider:4: spider_rune_water
Orc:1:    cheibrodos_orc_guarddog, layout_caves, basic_altar
Orc:2:    st_orc_elflike, layout_caves, basic_altar, uniq_rupert
Elf:1:    elf_arrival_001, layout_geoelf_diagonals,
          portal_desolation_entry_twin_temple, serial_shops,
          nicolae_shop_advertising_works [nicolae_subvault_shop_adworks],
          minmay_elf_sorcery, uniq_aizul
Elf:2:    elven_hall_of_blades_hangedman_original [nicolae_blade_tridents],
          layout_onion_city
Elf:3:    minmay_elf_hall_curves, layout_geoelf_grid, serial_shops,
          nicolae_shop_just_a_little_nook, shop, nicolae_square_shop,
          grunt_megastairs_4, minmay_shoptagon
Vaults:1: vaults_room_hallway, nicolae_vaults_you_can_take_it_with_you,
          nicolae_vaults_network_s, nicolae_vaults_taking_the_gang_shopping,
          v_misc_12, hangedman_vaults_maws, nicolae_vaults_door_testing_chamber,
          vaults_room_grunt_arrival_checkpoint,
          nicolae_vaults_inception_scallops, nicolae_vaults_little_squares_3,
          nicolae_vaults_diamond_2, vaults_room_semicircle,
          nicolae_vaults_house_2, layout_vaults_big_room, serial_shops, shop,
          uniq_asterion, uniq_donald
Vaults:2: nicolae_vaults_sesquioval_fish, v_rooms_3, hangedman_vaults_nodes,
          v_misc_30, nicolae_vaults_spaceships, hangedman_vaults_unwind,
          ontoclasm_vaults_pinch, v_misc_22, nicolae_vaults_trapezoid_4,
          vaults_room_door_ring, layout_vaults_maze_snakey, uniq_jory
Vaults:3: ebering_ghost_rock_garden, v_misc_2, minmay_crypt_entry_simple_box,
          nicolae_vaults_network_quinsquares
          [nicolae_vaults_network_quincunx_subvault,
          nicolae_vaults_network_quincunx_subvault,
          nicolae_vaults_network_quincunx_subvault,
          nicolae_vaults_network_quincunx_subvault], dpeg_vaults_monster_row,
          vaults_dpeg_encased_lava, nicolae_vaults_little_guard_posts,
          nicolae_vaults_network_square, nicolae_vaults_yaktaur_gun_rack,
          nicolae_vaults_mitosis, nicolae_vaults_double_plus_1, v_misc_19,
          ontoclasm_vaults_tryst, nicolae_vaults_lightning_bolt,
          layout_vaults_omnicross, uniq_frederick
Vaults:4: vaults_mumra_hex, nicolae_vaults_octothorpe, vaults_room_octagon,
          nicolae_vaults_twisting_passages, nicolae_vaults_specimen_jars,
          hangedman_vaults_maws, nicolae_vaults_house_2, layout_vaults_omnigrid
Vaults:5: serial_shops

Skill      XL: |  1  2  3  4  5  6  7  8  9 10 11 12 13 14 15 16 17 18 19 20 21 22 23 24 25 |
---------------+----------------------------------------------------------------------------+-----
Earth Magic    | 4 5 6 7 9 10 11 13 15 16 17 20 23 24 25 27 | 27.0
Dodging        | 3 4 6 7 10 13 14 15 16 17 18 19 | 19.9
Invocations    | 3 4 6 |  6.0
Evocations     | 1 6 |  6.0
Armour         | 2 9 11 13 | 13.5
Fighting       | 3 |  3.0
Stealth        | 5 |  5.0
Spellcasting   | 6 8 12 16 17 18 20 21 22 23 24 | 24.2
Staves         | 5 6 9 11 | 11.6
Transmutations | |  1.1

Action                     |  1- 3 |  4- 6 |  7- 9 | 10-12 | 13-15 | 16-18 | 19-21 | 22-24 | 25-27 || total
---------------------------+-------+-------+-------+-------+-------+-------+-------+-------+-------++-------
  Melee: Unarmed           |     6 |     5 |     2 |     1 |       |       |       |       |       ||    14
         Staff             |       |       |       |       |     7 |     9 |    51 |   147 |    14 ||   228
         Lajatang          |       |       |       |       |       |       |    30 |    98 |     7 ||   135
         Punch             |       |       |       |       |       |       |     2 |     7 |       ||     9
   Cast: Sandblast         |    42 |    76 |   246 |   372 |   269 |   131 |    40 |     1 |       ||  1177
         Petrify           |       |       |       |     4 |       |     7 |       |       |       ||    11
         Stone Arrow       |       |       |       |    24 |   549 |   161 |    36 |       |       ||   770
         Shatter           |       |       |       |       |     2 |   273 |   329 |   385 |    60 ||  1049
         Lee's Rapid Decon |       |       |       |       |       |     9 |       |       |       ||     9
         Borgnjor's Vile C |       |       |       |       |       |       |    19 |     4 |     1 ||    24
         Leda's Unmaking   |       |       |       |       |       |       |     4 |    29 |     9 ||    42
 Invoke: Heroism           |       |       |       |     1 |     2 |     6 |       |     4 |     3 ||    16
Ability: Dig               |       |     1 |     3 |     3 |     2 |     1 |       |       |       ||    10
  Evoke: Wand              |       |       |     9 |     5 |    26 |    18 |     5 |     3 |     2 ||    68
    Use: Scroll            |       |     5 |    12 |     9 |     4 |     2 |     6 |     3 |     1 ||    42
         Potion            |       |     2 |       |     3 |     7 |     9 |     2 |     3 |       ||    26
   Stab: Sleeping          |       |       |       |       |       |       |     1 |       |       ||     1
         Invisible         |       |       |       |       |       |       |       |     2 |       ||     2
 Armour: Robe              |     6 |    20 |       |     2 |    87 |       |   143 |   120 |       ||   378
         Leather armour    |       |    10 |   116 |   102 |   136 |   267 |       |       |       ||   631
         Swamp dragon scal |       |       |       |    62 |    46 |    69 |    72 |       |       ||   249
         Troll leather arm |       |       |       |    20 |       |       |       |       |       ||    20
         Chain mail        |       |       |       |       |       |       |       |   160 |    71 ||   231
  Dodge: Dodged            |    17 |    29 |   148 |   271 |   490 |   557 |   300 |   422 |   114 ||  2348
         Repelled          |       |       |       |       |       |       |       |     2 |     5 ||     7

Table legend: (Time is in decaauts)
 A = Elapsed time spent in this place.
 B = Non-inter-level travel time spent in this place.
 C = Inter-level travel time spent in this place.
 D = Time resting spent in this place.
 E = Time spent auto-exploring this place.
 F = Levels seen in this place.
 G = Mean time per level.
                   A        B        C        D        E       F      G
               +--------+--------+--------+--------+--------+-----+--------+
         Total |  80772 |  74868 |   5904 |  28930 |  28069 |  42 | 1923.1 |
       Dungeon |  25942 |  23744 |   2198 |   8437 |   9892 |  15 | 1729.5 |
          Lair |  15004 |  13562 |   1442 |   5951 |   3262 |   5 | 3000.8 |
         Swamp |   6828 |   6295 |    533 |   3320 |   1945 |   4 | 1707.0 |
   Spider Nest |   9700 |   8558 |   1142 |   3937 |   2876 |   4 | 2425.0 |
  Orcish Mines |   3114 |   2902 |    212 |    961 |   1000 |   2 | 1557.0 |
   Elven Halls |   4958 |   4778 |    180 |   1706 |   2194 |   3 | 1652.7 |
        Vaults |  11257 |  11064 |    193 |   3688 |   5291 |   5 | 2251.4 |
         Sewer |    835 |    835 |      0 |    258 |    318 |   1 |  835.0 |
       Ossuary |    444 |    444 |      0 |      0 |    210 |   1 |  444.0 |
      Ice Cave |   1296 |   1296 |      0 |    386 |    590 |   1 | 1296.0 |
    Desolation |   1388 |   1388 |      0 |    285 |    489 |   1 | 1388.0 |
               +--------+--------+--------+--------+--------+-----+--------+

Top non-repeatable levels by time:
  Lair:2: 4988 daAuts
Spider:1: 4289 daAuts
    D:12: 3650 daAuts
  Lair:3: 3330 daAuts
    D:13: 3215 daAuts
  Lair:5: 3199 daAuts
 Swamp:3: 2946 daAuts
    D:11: 2648 daAuts
Spider:3: 2624 daAuts
Vaults:1: 2586 daAuts
    D:14: 2539 daAuts
Vaults:5: 2454 daAuts
Vaults:3: 2410 daAuts
Vaults:4: 2211 daAuts
  Lair:1: 2169 daAuts
